 Dungeon Crawl Stone Soup version 0.29.1-14-g9c671dbff4 (webtiles) character file.

Game seed: 13488616927504513579

38 MacCMillion the Conjurer (level 3, -3/26 HPs)
             Began as a Draconian Conjurer on Feb 16, 2023.
             Killed by nerve-wracking pain
             ... invoked by Jessica
              (11 damage)
             ... on level 2 of the Dungeon.
             The game lasted 00:02:43 (2530 turns).

MacCMillion the Conjurer (Draconian Conjurer)       Turns: 2530, Time: 00:02:43

Health: -3/26      AC:  6    Str:  9    XL:     3   Next: 25%
Magic:  7/7        EV: 12    Int: 20    God:
Gold:   55         SH:  0    Dex:  9    Spells: 6/7 levels left

rFire   . . .      SeeInvis .   d - +0 short sword
rCold   . . .      Faith    .   (no shield)
rNeg    . . .      Spirit   .   (body armour unavailable)
rPois   .          Reflect  .   (helmet restricted)
rElec   .          Harm     .   j - +0 cloak
rCorr   .          Rampage  .   (no gloves)
Will    .....                   (no boots)
Stlth   ++........              (no amulet)
HPRegen 0.08/turn               (no ring)
MPRegen 0.10/turn               (no ring)

@: no status effects
A: AC +5, unfitting armour, cold-blooded
a: no special abilities


You were on level 2 of the Dungeon.
You visited 1 branch of the dungeon, and saw 2 of its levels.

You collected 55 gold pieces.

Inventory:

Hand Weapons
 d - a +0 short sword (weapon)
Armour
 f - a +0 kite shield
 j - a +0 cloak (worn)
Scrolls
 b - a scroll of teleportation {unknown}
 c - a scroll of noise {unknown}
 e - 3 scrolls of identify {unknown}
Potions
 a - a potion of magic
 g - 2 potions of brilliance {unknown}
 h - 2 potions of lignification {unknown}
 i - 2 potions of haste {unknown}
 k - a potion of heal wounds {unknown}
 l - a potion of curing {unknown}


   Skills:
 - Level 1.7 Dodging
 - Level 1.7 Stealth
 + Level 2.8 Spellcasting
 + Level 4.6 Conjurations


You had 6 spell levels left.
You knew the following spells:

 Your Spells              Type           Power      Damage    Failure   Level
a - Magic Dart            Conj           84%        1d7       2%          1

Your spell library contained the following spells:

 Spells                   Type           Power      Damage    Failure   Level
 Searing Ray              Conj           42%        2d6       3%          2
 Dazzling Flash           Conj/Hex       24%        N/A       17%         3
 Fulminant Prism          Conj/Hex       6%         3d7       50%         4
 Iskenderun's Mystic Bla  Conj/Tloc      12%        2d5       50%         4


Dungeon Overview and Level Annotations

Branches:
Dungeon (2/15)

Altars:

Annotations:
D:2 Jessica, Sigmund


Innate Abilities, Weirdness & Mutations

Your plain brown scales are hard. (AC +5)
You cannot fit into any form of body armour.
You are cold-blooded and may be slowed by cold attacks.


Message History

Jessica gestures at you while chanting. You resist with some effort.
Jessica hits you but does no damage. Jessica attacks as you move away!
Jessica misses you. x2
Jessica points at you and mumbles some strange words.
Pain shoots through your body!
Jessica very coldly says, "I hate your company."
Jessica gestures wildly while chanting.
Jessica blinks!
Casting: Magic Dart (safe; 2% risk of failure)
Confirm with . or Enter, or press ? or * to list all spells.
You don't know that spell.
Unknown command.
You hit Jessica. You punch Jessica.
Jessica is heavily wounded.
Jessica points at you and mumbles some strange words.
Pain shoots through your body! Jessica closely misses you.
The adder closely misses you. Jessica completely misses you.
You hit Jessica.
Jessica is severely wounded.
Jessica barely misses you. The adder bites you but does no damage.
Jessica barely misses you. The adder bites you.
You barely miss Jessica.
Your tail-slap misses Jessica.
Jessica is severely wounded.
Jessica barely misses you. The adder closely misses you.
Jessica mumbles some strange words.
Jessica blinks!
The adder bites you but does no damage. Jessica hits you but does no damage.
You barely miss Jessica.
Jessica is severely wounded.
The adder bites you but does no damage. Jessica closely misses you.
The adder bites you. Jessica hits you but does no damage.
The adder barely misses you.
You closely miss Jessica.
Jessica is severely wounded.
You feel yourself speed up. Jessica closely misses you. The adder bites you.
Jessica gestures at you while chanting. Pain shoots through your body!
You die...

#.....>#####...S.########
'......# #.ยง.........).
#......# ######.#
###'###### #.# .........#
#.# ###.####.# #S### #.#
#.# #...# #.#
#.##########.## #.#
#.......@@S...# #.#
############### #.# #.#
#.#


You could see an adder and Jessica (fast).

Vanquished Creatures
  An adder (D:2)
  2 endoplasms (D:1)
  2 giant cockroaches
  A goblin (D:2)
  3 hobgoblins
  3 jackals (D:2)
  3 ball pythons
  3 bats (D:1)
  3 frilled lizards (D:1)
  4 kobolds
  3 rats
28 creatures vanquished.

Notes
Turn   | Place    | Note
-------+----------+-------------------------------------------
     0 | D:1      | MacCMillion the Draconian Conjurer began the quest for the
                  | Orb.
     0 | D:1      | Reached XP level 1. HP: 14/14 MP: 3/3
   247 | D:1      | Reached XP level 2. HP: 20/20 MP: 1/5
  1617 | D:2      | Noticed Jessica
  1617 | D:2      | Noticed Sigmund
  1908 | D:2      | Reached XP level 3. HP: 16/26 MP: 0/7
  2530 | D:2      | Killed from afar by Jessica

Illustrated notes

Levels and vault maps discovered:
D:1:      eino_arrival_tree_alley, layout_loops_ring
D:2:      layout_basic, uniq_jessica, uniq_sigmund

Action                   || total
-------------------------++-------
Melee: Unarmed           ||     1
       Short sword       ||     5
       Punch             ||     1
 Cast: Magic Dart        ||    52
Armor: Skin              ||     7
Dodge: Dodged            ||    16
